 Dungeon Crawl Stone Soup version 0.28-a0-1524-ge72afd5fc6 (webtiles) character file.

Game seed: 8910605296955378036

155 fragbeetle the Insei (level 5, 0/41 HPs)
             Began as a Draconian Transmuter on Jan 17, 2022.
             Slain by an iguana (5 damage)
             ... on level 4 of the Dungeon.
             The game lasted 00:04:22 (2815 turns).

fragbeetle the Insei (Draconian Transmuter)         Turns: 2815, Time: 00:04:22

Health: 0/41       AC: 10    Str: 13    XL:     5   Next: 14%
Magic:  6/8        EV: 12    Int: 13    God:
Gold:   104        SH:  0    Dex: 13    Spells: 4/8 levels left

rFire   . . .      SeeInvis .     - Unarmed
rCold   . . .      Faith    .   (no shield)
rNeg    . . .      Spirit   .   (armour unavailable)
rPois   .          Reflect  .   (helmet restricted)
rElec   .          Harm     .   (no cloak)
rCorr   .          Rampage  .   (no gloves)
Will    .....                   (no boots)
Stlth   +.........              (no amulet)
HPRegen 0.13/turn               (no ring)
MPRegen 0.11/turn               (no ring)

@: ice-armoured
A: AC +5, unfitting armour, cold-blooded
a: no special abilities


You were on level 4 of the Dungeon.
You visited 1 branch of the dungeon, and saw 4 of its levels.

You collected 104 gold pieces.

Inventory:

Missiles
 c - 39 stones
 i - a boomerang
 l - 4 poisoned darts
Scrolls
 a - a scroll of enchant armour {unknown}
 b - a scroll of noise {unknown}
 e - 4 scrolls of identify {unknown}
 f - a scroll of amnesia {unknown}
 g - a scroll of magic mapping {unknown}
 h - a scroll of teleportation {unknown}
 j - a scroll of enchant weapon {unknown}
 k - 2 scrolls of blinking {unknown}
Potions
 d - 3 potions of heal wounds
 m - a potion of ambrosia {unknown}


   Skills:
 + Level 2.0 Fighting
 + Level 2.3 Dodging
 * Level 4.1 Unarmed Combat
 - Level 2.0 Spellcasting
 * Level 3.2 Transmutations
 * Level 1.5 Ice Magic


You had 4 spell levels left.
You knew the following spells:

 Your Spells              Type           Power      Damage    Failure   Level
a - Beastly Appendage     Tmut           18%        N/A       7%          1
b - Ozocubu's Armour      Ice            5%         N/A       38%         3

Your spell library contained the following spells:

 Spells                   Type           Power      Damage    Failure   Level
 Wereblood                Tmut           9%         N/A       10%         2
 Passwall                 Tmut/Erth      4%         N/A       21%         2
 Ensorcelled Hibernation  Hex/Ice        6%         N/A       28%         2
 Static Discharge         Conj/Air       1%         N/A       36%         2
 Spider Form              Tmut/Pois      5%         N/A       36%         3
 Swiftness                Air            1%         N/A       58%         3
 Ice Form                 Ice/Tmut       7%         N/A       67%         4
 Dispel Undead            Necr           1%         3d6       94%         4
 Sticky Flame             Conj/Fire      1%         2d3       94%         4
 Metabolic Englaciation   Hex/Ice        1%         N/A       99%         5
 Simulacrum               Ice/Necr       1%         N/A       100%        6


Dungeon Overview and Level Annotations

Branches:
Dungeon (4/15)
 Temple: D:4-7

Altars:

Annotations:
D:3 Grinder


Innate Abilities, Weirdness & Mutations

Your plain brown scales are hard. (AC +5)
You cannot fit into any form of body armour.
You are cold-blooded and may be slowed by cold attacks.


Message History

Casting: Beastly Appendage (safe; 7% risk of failure)
Confirm with . or Enter, or press ? or * to list all spells.
The spell is quite dangerous to miscast (38% risk of failure)!
Continue anyway?
A film of ice covers your body!
The adder skeleton bites you but does no damage.
The iguana barely misses you.
You hit the adder skeleton.
The adder skeleton is severely damaged.
The adder skeleton bites you but does no damage.
The iguana bites you.
You punch the adder skeleton!
You destroy the adder skeleton!
The iguana barely misses you.
You hit the iguana. Your headbutt misses the iguana.
The iguana is lightly wounded.
The iguana bites you.
* * * LOW HITPOINT WARNING * * *
You hit the iguana. You claw the iguana. Your headbutt misses the iguana.
The iguana is heavily wounded.
The iguana closely misses you.
You hit the iguana. You claw the iguana. Your headbutt misses the iguana.
The iguana is almost dead.
The iguana closely misses you.
You hit the iguana. Your headbutt misses the iguana.
The iguana is almost dead.
The iguana barely misses you.
You closely miss the iguana. You claw the iguana, but do no damage.
Your tail-slap misses the iguana.
The iguana is almost dead.
Your horns disappear.
Your talons disappear.
The iguana bites you.
* * * LOW HITPOINT WARNING * * *
You barely miss the iguana.
You tail-slap the iguana, but do no damage.
The iguana is almost dead.
The iguana closely misses you.
You barely miss the iguana.
The iguana is almost dead.
The iguana bites you.
You die...

..##.##>## ......
.... #.... #...
#...# .#.#..#####
##... .......<..#
... ......lJ..#
#l# ##........#
#@# #......<.# #.#
..#.....r.# #.# ≈
#.......# #... #.#
......h.# #..≈
#####.#####
≈.......## #..≈
#.........#
###..≈###.#####.##
....≈#...#≈≈≈# #
#..≈##..#≈≈≈## .#


You could see an iguana.

Vanquished Creatures
  A hound (D:4)
  A jelly (D:4)
  A hound skeleton (D:4)
  3 adders (D:2)
  2 adder skeletons (D:4)
  A dart slug (D:1)
  5 orcs
  2 endoplasms
  A giant cockroach (D:1)
  A goblin (D:3)
  2 hobgoblins
  3 jackals (D:2)
  4 quokkas
  3 ball pythons
  7 bats
  5 frilled lizards
  3 kobolds
  A rat (D:3)
46 creatures vanquished.

Vanquished Creatures (others)
  2 plants (D:4)
2 creatures vanquished.

Grand Total: 48 creatures vanquished

Notes
Turn   | Place    | Note
-------+----------+-------------------------------------------
     0 | D:1      | fragbeetle the Draconian Transmuter began the quest for the
                  | Orb.
     0 | D:1      | Reached XP level 1. HP: 16/16 MP: 3/3
   216 | D:1      | Found a faded altar of an unknown god.
   913 | D:2      | Reached XP level 2. HP: 23/23 MP: 3/5
  1292 | D:2      | Reached XP level 3. HP: 24/28 MP: 4/6
  1296 | D:2      | Learned a level 3 spell: Ozocubu's Armour
  1994 | D:3      | Noticed Grinder
  2341 | D:3      | Reached XP level 4. HP: 36/36 MP: 5/7
  2730 | D:4      | Reached skill level 1 in Ice Magic
  2746 | D:4      | Reached skill level 4 in Unarmed Combat
  2779 | D:4      | Reached XP level 5. HP: 29/41 MP: 6/8
  2815 | D:4      | Slain by an iguana

Illustrated notes

Levels and vault maps discovered:
D:1:      minmay_arrival_solitary_statue, layout_basic,
          chequers_ecumenical_altar_simple_redux
D:2:      layout_basic, grunt_ministairs_2, minmay_statues_item,
          solitary_fountain
D:3:      layout_loops_ring, minmay_misc_feat_x, uniq_grinder
D:4:      minmay_diamond_boxcup, layout_loops_cross,
          minmay_temple_entry_overgrown, grunt_decor_junction,
          grunt_ministairs_2

Skill      XL: |  1  2  3  4 |
---------------+-------------+-----
Dodging        | 2 |  2.3
Transmutations | 3 |  3.2
Ice Magic      | 1 |  1.5
Unarmed Combat | 4 |  4.1
Fighting       | 2 |  2.0
Spellcasting   | |  2.0

Action                   |  1- 3 |  4- 6 || total
-------------------------+-------+-------++-------
Melee: Unarmed           |    95 |    44 ||   139
       Headbutt          |    16 |     6 ||    22
       Kick              |    23 |    13 ||    36
       Tailslap          |     4 |     3 ||     7
       Punch             |     2 |     1 ||     3
 Cast: Beastly Appendage |    30 |     7 ||    37
       Ozocubu's Armour  |       |     1 ||     1
 Stab: Sleeping          |     1 |       ||     1
Armor: Skin              |    23 |     9 ||    32
Dodge: Dodged            |    68 |    24 ||    92

Table legend: (Time is in decaauts)
 A = Elapsed time spent in this place.
 B = Non-inter-level travel time spent in this place.
 C = Inter-level travel time spent in this place.
 D = Time resting spent in this place.
 E = Time spent auto-exploring this place.
 F = Levels seen in this place.
 G = Mean time per level.
                   A        B        C        D        E       F      G
               +--------+--------+--------+--------+--------+-----+--------+
         Total |   2807 |   2725 |     82 |      0 |   2224 |   4 |  701.8 |
       Dungeon |   2807 |   2725 |     82 |      0 |   2224 |   4 |  701.8 |
               +--------+--------+--------+--------+--------+-----+--------+

Top non-repeatable levels by time:
     D:2: 1111 daAuts
     D:1: 810 daAuts
     D:3: 715 daAuts
     D:4: 170 daAuts
